 Dungeon Sprint DCSS version 0.30.1-11-g7821555f0a (webtiles) character file.

Game seed: 6144913674475476153

1253 Heoruswealwe the Impaler (level 8, -8/82 HPs)
             Began as a Minotaur Fighter on Nov 20, 2023.
             Was an Initiate of Gozag.
             Mangled by a troll (10 damage)
             ... in the Dungeon (Sprint IX: "|||||||||||||||||||||||||||||").
             The game lasted 00:02:39 (163 turns).

Heoruswealwe the Impaler (Minotaur Fighter)          Turns: 163, Time: 00:02:40

Health: -8/82      AC: 10    Str: 26    XL:     8   Next: 26%
Magic:  7/7        EV: 10    Int:  5    God:    Gozag
Gold:   0          SH:  0    Dex: 10    Spells: 7/7 levels left

rFire   . . .        b - +2 halberd (venom)
rCold   . . .        (shield currently unavailable)
rNeg    . . .        c - +0 scale mail
rPois   .            (helmet restricted)
rElec   .            h - +0 cloak
rCorr   .            (no gloves)
SInv    .            (no boots)
Will    .....        (no amulet) Stlth
                     k - +3 ring of strength
HPRegen 0.33/turn    (no ring)
MPRegen 0.10/turn

%: no teleportation
@: gold aura
A: horns 2, retaliatory headbutt
a: Renounce Religion, Potion Petition, Call Merchant, Bribe Branch


You were in the Dungeon.
You worshipped Gozag.
Gozag was noncommittal.
You visited 1 branch

Inventory:

Hand Weapons
 a - a +0 trident
 b - a +2 halberd of venom (weapon)
Armour
 c - a +0 scale mail (worn)
 d - a +0 buckler
 h - a +0 cloak (worn)
Jewellery
 k - a +3 ring of strength (left hand)
Wands
 l - a wand of iceblast (10)
Scrolls
 j - 2 scrolls of blinking
Potions
 g - a potion of haste
 i - a potion of berserk rage
 m - a potion of might


   Skills:
 + Level 11.6 Fighting
 * Level 15.4 Polearms
 + Level 11.5 Armour
 - Level 3.6 Shields


You had 7 spell levels left.
You didn't know any spells.
Your spell library was empty.

Dungeon Overview and Level Annotations

Branches:
Dungeon (1/1)

Altars:
Cheibriados
Dithmenos
Elyvilon
Fedhas
Gozag
Hepliaklqana
Kikubaaqudgha
Makhleb
Nemelex Xobeh
Okawaru
Qazlal
Ru
Sif Muna
Trog
Uskayaw
Vehumet
Wu Jian
Xom
Yredelemnul
Zin
The Shining One
Jiyva
Lugonu


Innate Abilities, Weirdness & Mutations

You have a pair of horns on your head.
You reflexively headbutt those who attack you in melee.


Message History

Your Fighting skill increases to level 11!
Your Armour skill increases to level 11!
You have reached level 8!
You feel agile.
The centaur unwields a +0 shortbow.
The centaur hits you but does no damage.
The centaur kicks you but does no damage.
There is an open door to the Dungeon, spattered with blood here.
Things that are here:
531 gold pieces; a +0 giant club; a +0 dire flail of protection You hit the centaur.
The centaur is poisoned.
You headbutt the centaur!
The centaur is severely wounded.
The centaur hits you.
* * * LOW HITPOINT WARNING * * *
The centaur closely misses you.
You puncture the centaur!
You kill the centaur!
Your Polearms skill increases to level 15!
You impale the yak!!
The yak looks as sick as possible!
The yak is heavily wounded.
The troll is distracted by your dazzling golden aura.
The yak closely misses you.
The troll shouts!
You hit the yak.
The yak is heavily wounded.
The troll is no longer distracted by gold.
The yak gores you!
* * * LOW HITPOINT WARNING * * *
You closely miss the yak. Your headbutt misses the yak.
The yak is heavily wounded.
You barely miss the yak. You headbutt the yak.
The yak is heavily wounded.
The yak barely misses you. You furiously retaliate!
You headbutt the yak. You puncture the yak!
You kill the yak!
You puncture the troll!
The troll is moderately wounded.
The troll bites you!
You die...
Your body crumbles into a pile of gold. $$$$$ $ $ $ $$$$$ $$$$$ $ $ ▓▓▓▓▓▓▓▓▓▓▓▓▓▓▓▓▓▓▓▓▓▓▓▓ +.....T@...[[=)?!'______ ▓▓▓▓▓▓▓▓▓▓▓▓▓▓▓▓▓▓▓▓▓▓▓▓

You could see a troll.

Vanquished Creatures
  A two-headed ogre (D)
  3 yaks (D)
  A centaur (D)
  A scorpion (D)
  2 hounds (D)
  A jelly (D)
  An adder (D)
  A bat (D)
  An endoplasm (D)
  A giant cockroach (D)
  2 hobgoblins (D)
15 creatures vanquished.

Notes
Turn   | Place    | Note
-------+----------+-------------------------------------------
     0 | D        | Heoruswealwe the Minotaur Fighter began the quest for the
                  | Orb.
     0 | D        | Reached XP level 1. HP: 19/19 MP: 0/0
     8 | D        | Reached skill level 3 in Polearms
    17 | D        | Reached skill level 4 in Polearms
    22 | D        | Noticed a jelly
    22 | D        | Noticed a hound
    22 | D        | Noticed a hound
    22 | D        | Noticed a scorpion
    27 | D        | Killed a scorpion
    28 | D        | Reached skill level 5 in Fighting
    28 | D        | Reached skill level 7 in Polearms
    28 | D        | Reached skill level 5 in Armour
    28 | D        | Reached XP level 2. HP: 30/30 MP: 1/1
    28 | D        | Reached XP level 3. HP: 37/37 MP: 2/2
    28 | D        | Reached XP level 4. HP: 44/44 MP: 3/3
    39 | D        | Reached skill level 8 in Polearms
    41 | D        | Reached skill level 9 in Polearms
    41 | D        | Reached XP level 5. HP: 48/52 MP: 4/4
    53 | D        | Found a snail-covered altar of Cheibriados.
    53 | D        | Found a shadowy altar of Dithmenos.
    53 | D        | Found a white marble altar of Elyvilon.
    53 | D        | Found a blossoming altar of Fedhas.
    53 | D        | Found an opulent altar of Gozag.
    54 | D        | Found a hazy altar of Hepliaklqana.
    55 | D        | Found a viscous altar of Jiyva.
    56 | D        | Found an ancient bone altar of Kikubaaqudgha.
    57 | D        | Found a corrupted altar of Lugonu.
    58 | D        | Found a burning altar of Makhleb.
    59 | D        | Found a sparkling altar of Nemelex Xobeh.
    60 | D        | Found an iron altar of Okawaru.
    61 | D        | Became a worshipper of Gozag Ym Sagoz the Greedy
    62 | D        | Found a stormy altar of Qazlal.
    63 | D        | Found a sacrificial altar of Ru.
    64 | D        | Found a shimmering blue altar of Sif Muna.
    65 | D        | Found a bloodstained altar of Trog.
    66 | D        | Found a hide-covered altar of Uskayaw.
    67 | D        | Found a radiant altar of Vehumet.
    68 | D        | Found an ornate altar of the Wu Jian Council.
    69 | D        | Found a shimmering altar of Xom.
    70 | D        | Found a basalt altar of Yredelemnul.
    71 | D        | Found a glowing silver altar of Zin.
    72 | D        | Found a glowing golden altar of the Shining One.
   125 | D        | Noticed a troll
   125 | D        | Noticed a yak
   125 | D        | Noticed a centaur
   125 | D        | Noticed a yak
   125 | D        | Noticed a two-headed ogre
   125 | D        | Noticed a yak
   130 | D        | Killed a yak
   131 | D        | Reached skill level 11 in Polearms
   131 | D        | Reached XP level 6. HP: 54/62 MP: 5/5
   141 | D        | HP: 1/62 [two-headed ogre/+0 giant club (8)]
   144 | D        | Killed a two-headed ogre
   145 | D        | Reached skill level 10 in Fighting
   145 | D        | Reached skill level 14 in Polearms
   145 | D        | Reached skill level 10 in Armour
   145 | D        | Reached XP level 7. HP: 19/73 MP: 6/6
   149 | D        | HP: 1/73 [yak (5)]
   154 | D        | Killed a yak
   155 | D        | Reached XP level 8. HP: 9/82 MP: 7/7
   158 | D        | Reached skill level 15 in Polearms
   159 | D        | HP: 1/82 [yak (8)]
   163 | D        | Mangled by a troll

Illustrated notes

Levels and vault maps discovered:
D:        linesprint [early_d, line_temple, items_1, d_10, items_2, lair_1,
          lair_end, items_3, orc_1, orc_end, items_4, d_15, swamp_1, shoals_1,
          snake_1, spider_1, d_20, vaults_1, items_5, swamp_end, shoals_end,
          snake_end, spider_end, vaults_end, d_27, items_6, zot_1, zot_end,
          crypt_end, forest_end, elf_end, slime_end, tomb_end, abyss_end,
          pan_hell_end]

Skill      XL: |  1  2  3  4  5  6  7  8 |
---------------+-------------------------+-----
Polearms       | 7 9 11 14 15 | 15.4
Fighting       | 5 7 8 10 11 | 11.6
Armour         | 5 7 8 10 11 | 11.5
Shields        | |  3.6

Action                     |  1- 3 |  4- 6 |  7- 9 || total
---------------------------+-------+-------+-------++-------
  Melee: Trident           |    16 |    19 |       ||    35
         Headbutt          |     2 |    11 |     6 ||    19
         Halberd           |       |    14 |    15 ||    29
    Use: Potion            |       |     5 |     3 ||     8
 Armour: Scale mail        |    10 |    11 |     4 ||    25
  Dodge: Dodged            |     7 |    12 |     4 ||    23
  Block: Buckler           |     3 |     4 |       ||     7
